 Dungeon Crawl Stone Soup version 0.20-a0-809-gaf7f668 (console) character file.

957 nht the Grappler (level 7, -6/66 HPs)
             Began as a Troll Monk on Mar 2, 2017.
             Was a Believer of Wu Jian.
             Mangled by a gnoll
             ... wielding a +4 halberd
              (13 damage)
             ... on level 6 of the Dungeon.
             The game lasted 00:05:07 (3690 turns).

nht the Grappler (Troll Monk)                       Turns: 3690, Time: 00:05:08

Health: -6/66      AC:  6    Str: 22    XL:     7   Next: 91%
Magic:  6/6        EV: 10    Int:  6    God:    Wu Jian [**....]
Gold:   473        SH:  0    Dex: 12    Spells: 6/6 levels left

rFire    . . .     SeeInvis .     - Unarmed
rCold    . . .     Gourm    +   a - +0 robe
rNeg     . . .     Faith    .   (no shield)
rPois    .         Spirit   .   (helmet restricted)
rElec    .         Reflect  .   p - +0 cloak
rCorr    .         Harm     .   (gloves unavailable)
MR       .....                  (boots unavailable)
Stlth    ++........             (no amulet)
Regen    0.7/turn               (no ring)
MPRegen  0.1/turn               (no ring)

@: no status effects
A: unfitting armour, claws 3, fast metabolism 3, gourmand, regeneration 1,
shaggy fur 1, tough skin 2
a: Renounce Religion


You were on level 6 of the Dungeon.
You worshipped Wu Jian.
Wu Jian was pleased with you.
You were full.

You visited 2 branches of the dungeon, and saw 7 of its levels.
You also visited: Ossuary.

You collected 473 gold pieces.

Inventory:

Armour
 a - a +0 robe (worn)
 p - a +0 cloak (worn)
Jewellery
 r - an uncursed amulet of harm
Wands
 u - a wand of disintegration (10/24)
 v - a wand of random effects (31/48)
Scrolls
 c - 4 scrolls of identify
 e - a scroll of teleportation
 h - a scroll of remove curse
 k - 2 scrolls of fog
 m - 3 scrolls of immolation
 o - a scroll of recharging {unknown}
Potions
 f - 2 potions of might
 g - a potion of heal wounds {unknown}
 i - 3 potions of brilliance {unknown}
 j - 4 potions of curing {unknown}
 n - 2 potions of agility {unknown}
 s - 3 potions of mutation {unknown}
 t - 3 potions of flight {unknown}
 w - a potion of lignification {unknown}
Comestibles
 b - 7 bread rations
 d - 6 fruits
 l - 4 royal jellies
 q - 2 meat rations


   Skills:
 - Level 2.4 Fighting
 - Level 2.4 Dodging
 - Level 1.0 Stealth
 + Level 9.6 Unarmed Combat


You had 6 spell levels left.
You didn't know any spells.

Dungeon Overview and Level Annotations

Branches:
Dungeon (6/15)             Temple (1/1) D:4

Altars:
Ashenzari
Cheibriados
Dithmenos
Elyvilon
Fedhas
Gozag
Hepliaklqana
Kikubaaqudgha
Makhleb
Nemelex Xobeh
Okawaru
Qazlal
Ru
Sif Muna
Trog
Uskayaw
Vehumet
Wu Jian
Xom
Yredelemnul
Zin
The Shining One

Shops:
D:4 %


Innate Abilities, Weirdness & Mutations

You are too large for most types of armour.
You have claws for hands.
Your metabolism is lightning-fast.
You like to eat raw meat.
Your natural rate of healing is unusually fast.
You are covered in fur. (AC +1)
You have very tough skin. (AC +2)


Message History

Items here: )) †† a spear x2; a gnoll corpse x2
Unknown command.
You spin and attack the gnoll.
You scratch the gnoll but do no damage.
The gnoll hits you with an enchanted halberd!
* * * LOW HITPOINT WARNING * * *
Unknown command.
You spin and attack the gnoll.
You closely miss the gnoll.
Unknown command.
You scratch the gnoll.
The gnoll is lightly wounded.
The gnoll hits you with an enchanted halberd!
* * * LOW HITPOINT WARNING * * *
You spin and attack the gnoll repeatedly!
You barely miss the gnoll.
The gnoll is lightly wounded.
You claw the gnoll!
The gnoll is severely wounded.
The gnoll hits you with an enchanted halberd!
You die...

******, ███****█
*,,,,,, █..,,,.█
**,****,
█.████.██**,,,,,,,
█>.......,,,,,,**,
██>.....█***,,*,**,
███.......█
*,,*,,,,
█........█*
*,,,,,,> █.█g@....█
*,*****, █,█)█.████
*,,,,,,, █,█...█
******** █.██..█
*****,,,,,,,
█.██..█
*,,,,,*****,
██.....█
*,,,,,**,,,,
█).....█
*,,,,,,,,,,,
█.███..█
*,,,,,**,**,
█,███..█
*,,,,,,,,,,,


You could see a gnoll.

Vanquished Creatures
  Sigmund (D:2)
  A scorpion (D:5)
  A crimson imp (D:5)
  3 hounds
  An orc wizard (D:3)
  Crazy Yiuf (D:3)
  A bullfrog skeleton (D:5)
  Ijyb (D:2)
  Natasha (thrice) (D:2)
  An iguana (D:5)
  3 worker ants
  A big kobold zombie (Ossuary)
  A hound zombie (D:5)
  8 mummies (Ossuary)
  Robin (D:2)
  4 adders
  3 gnolls
  2 oozes (D:1)
  An adder skeleton (D:5)
  4 worms
  2 dart slugs
  4 leopard geckos
  5 orcs
  19 goblins
  8 hobgoblins
  4 jackals (D:3)
  8 kobolds
  4 quokkas
  2 ball pythons (D:2)
  7 bats
  6 frilled lizards
  A giant cockroach zombie (D:5)
  A gnoll zombie (Ossuary)
  5 hobgoblin zombies (Ossuary)
  A jackal zombie (D:5)
  A kobold zombie (Ossuary)
  5 rats
125 creatures vanquished.

Notes
Turn   | Place    | Note
-------+----------+-------------------------------------------
     0 | D:1      | nht the Troll Monk began the quest for the Orb.
     0 | D:1      | Reached XP level 1. HP: 22/22 MP: 0/0
   192 | D:1      | Reached XP level 2. HP: 29/29 MP: 1/1
   305 | D:1      | Reached skill level 4 in Unarmed Combat
   458 | D:1      | Reached XP level 3. HP: 36/36 MP: 2/2
   807 | D:2      | Noticed Natasha
   818 | D:2      | Killed Natasha
   847 | D:2      | Reached XP level 4. HP: 26/44 MP: 3/3
   884 | D:2      | Noticed Sigmund
   891 | D:2      | Killed Sigmund
   891 | D:2      | Reached skill level 6 in Unarmed Combat
   891 | D:2      | Reached XP level 5. HP: 32/50 MP: 4/4
   908 | D:2      | Found a hazy altar of Hepliaklqana.
   928 | D:2      | Noticed Natasha
   932 | D:2      | Killed Natasha
   946 | D:2      | Noticed Robin
   962 | D:2      | Reached XP level 6. HP: 57/59 MP: 5/5
   967 | D:2      | Killed Robin
  1084 | D:2      | Noticed Natasha
  1089 | D:2      | Killed Natasha
  1089 | D:2      | Reached skill level 7 in Unarmed Combat
  1385 | D:2      | Noticed Ijyb
  1389 | D:2      | Killed Ijyb
  1570 | D:3      | Found a runed door.
  1574 | D:3      | Noticed Crazy Yiuf
  1579 | D:3      | Killed Crazy Yiuf
  1673 | D:3      | Found a glowing silver altar of Zin.
  2046 | D:3      | Found a stormy altar of Qazlal.
  2047 | D:3      | Found a blossoming altar of Fedhas.
  2047 | D:3      | Found a basalt altar of Yredelemnul.
  2047 | D:3      | Found an opulent altar of Gozag.
  2049 | D:3      | Found a deep blue altar of Sif Muna.
  2050 | D:3      | Found a shadowy altar of Dithmenos.
  2151 | D:4      | Found Tocorajueti's Food Shop.
  2297 | D:4      | Reached skill level 8 in Unarmed Combat
  2297 | D:4      | Reached XP level 7. HP: 66/66 MP: 6/6
  2372 | D:4      | Found a staircase to the Ecumenical Temple.
  2395 | Temple   | Entered the Ecumenical Temple
  2480 | Temple   | Became a worshipper of the Wu Jian Council
  2480 | Temple   | Reached * piety under Wu Jian
  2480 | Temple   | Reached ** piety under Wu Jian
  2640 | D:5      | Entered Level 5 of the Dungeon
  3437 | D:5      | Reached skill level 9 in Unarmed Combat
  3478 | D:6      | Found a sand-covered staircase.
  3483 | Ossuary  | Entered an ossuary
  3690 | D:6      | Mangled by a gnoll

Vault maps used:
D:1:      erik_arrival_blinker_ship
D:2:      lemuel_coloured_pillars_altar, uniq_sigmund, uniq_natasha, uniq_robin,
          uniq_iyjb
D:3:      minitemple, uniq_crazy_yiuf_cottage
D:4:      minmay_temple_entry_nine_rooms, serial_shops, shop
D:5:      first_bread
D:6:      enter_ossuary_5
Temple:   nicolae_temple_great_sept
Ossuary:  ossuary_tomb_3

Skill      XL: |  1  2  3  4  5  6  7 |
---------------+----------------------+-----
Unarmed Combat | 4 6 8 9 |  9.6
Fighting       | |  2.4
Dodging        | |  2.4
Stealth        | |  1.0

Action                   |  1- 3 |  4- 6 |  7- 9 || total
-------------------------+-------+-------+-------++-------
Melee: Unarmed           |    62 |   172 |   116 ||   350
       Punch             |     2 |     6 |     5 ||    13
  Use: Scroll            |       |       |     8 ||     8
 Stab: Sleeping          |     2 |     5 |     1 ||     8
       Distracted        |       |     1 |       ||     1
  Eat: Chunk             |    12 |    14 |    10 ||    36
Armor: Robe              |    21 |    62 |    23 ||   106
Dodge: Dodged            |    21 |    88 |    35 ||   144
